 Dungeon Crawl Stone Soup version 0.29-a0-483-g69413ace17 (webtiles) character file.

Game seed: 5890562089812523699

41560 siradein the Fighter (level 14, 0/125 HPs)
             Began as a Ghoul Fighter on May 26, 2022.
             Was a Follower of Uskayaw.
             Slain by a black mamba (8 damage)
             ... on level 4 of the Lair of Beasts.
             The game lasted 00:57:32 (21723 turns).

siradein the Fighter (Ghoul Fighter)               Turns: 21723, Time: 00:57:33

Health: 0/125      AC: 18    Str: 25    XL:     14   Next: 15%
Magic:  20/20      EV:  1    Int:  3    God:    Uskayaw [*.....]
Gold:   1336       SH: 28    Dex:  8    Spells: 13/13 levels left

rFire   . . .      SeeInvis .   o - +7 demon trident (drain)
rCold   + . .      Faith    .   R - +18 shield of the Gong {rElec rN+ Will+ EV-5}
rNeg    + + +      Spirit   .   w - +0 plate armour
rPois   ∞          Reflect  .   (no helmet)
rElec   +          Harm     .   (no cloak)
rCorr   .          Rampage  .   (no gloves)
Will    ++...                   (no boots)
Stlth   ..........              (no amulet)
HPRegen 0.00/turn               F - ring of Shadows {Umbra +Inv Stlth+}
MPRegen 0.17/turn               l - +4 ring of protection

@: inhibited regen, wreathed by umbra, studying Bows
A: claws 1, cold resistance 1, negative energy resistance 3, inhibited
regeneration, torment resistance 2, devour on kill
a: Renounce Religion, Evoke Invisibility, Stomp


You were on level 4 of the Lair of Beasts.
You worshipped Uskayaw.
Uskayaw was aware of your devotion.
You visited 3 branches of the dungeon, and saw 17 of its levels.
You also visited: Ossuary.

You collected 1384 gold pieces.
You spent 48 gold pieces at shops.

Inventory:

Hand Weapons
 o - a +7 demon trident of draining (weapon)
 v - the +3 dagger "Xecvas" {vamp, Str+5}
   (You took it off a gnoll on level 5 of the Dungeon)

   It occasionally heals its wielder for a portion of the damage dealt when it
   wounds a living foe.
   Str:       It affects your strength (+5).
 H - the +6 spear of Yredelemnul, Grinning {venom, rElec rCorr}
   (You found it on level 7 of the Dungeon)

   It poisons the flesh of those it strikes.
   rElec:     It insulates you from electricity.
   rCorr:     It protects you from acid and corrosion.
Missiles
 c - 15 boomerangs (quivered)
 A - 5 curare-tipped darts
 J - 3 throwing nets
 M - 4 javelins
 O - 14 silver javelins
Armour
 t - a +0 tower shield
 w - a +0 plate armour (worn)
 R - the +18 shield of the Gong (worn) {rElec rN+ Will+ EV-5}
   (You found it on level 11 of the Dungeon)

   It is deafeningly noisy when blocking attacks.
   EV:        It affects your evasion (-5).
   rElec:     It insulates you from electricity.
   rN:        It protects you from negative energy.
   Will:      It increases your willpower.
Jewellery
 j - a +4 ring of evasion
 l - a +4 ring of protection (right claw)
 z - a ring of flight
 C - a ring of magical power
 F - the ring of Shadows (left claw) {Umbra +Inv Stlth+}
   (You found it on level 7 of the Dungeon)

   [ring of stealth]

   It surrounds you with an aura of shadow, increasing your stealth and reducing
   the accuracy of all others within it.
   +Inv:      It lets you turn invisible.
   Stlth:     It makes you more stealthy.
 L - a ring of ice
 W - a ring of fire
Wands
 s - a wand of acid (7)
 y - a wand of polymorph (12)
 D - a wand of iceblast (7)
 I - a wand of flame (40)
Scrolls
 a - 2 scrolls of poison {unknown}
 b - a scroll of summoning {unknown}
 f - 7 scrolls of teleportation
 g - 4 scrolls of fog {unknown}
 h - 6 scrolls of immolation
 k - 2 scrolls of magic mapping {unknown}
 q - a scroll of identify
 u - 4 scrolls of fear {unknown}
 B - a scroll of brand weapon {unknown}
 K - 5 scrolls of enchant armour {unknown}
 P - 2 scrolls of amnesia
 Q - 3 scrolls of blinking
 T - a scroll of torment
Potions
 d - 2 potions of might
 e - 7 potions of brilliance
 i - a potion of ambrosia {unknown}
 m - 4 potions of heal wounds
 n - 6 potions of curing
 p - 8 potions of mutation {unknown}
 r - 2 potions of haste
 x - 2 potions of flight {unknown}
 E - 2 potions of lignification {unknown}
Miscellaneous
 G - a phial of floods


   Skills:
 + Level 11.6 Fighting
 - Level 2.2 Maces & Flails
 + Level 9.2 Polearms
 + Level 9.8 Armour
 + Level 8.3 Stealth
 + Level 9.8 Shields
 + Level 10.4 Invocations
 + Level 6.3 Evocations


You had 13 spell levels left.
You didn't know any spells.
Your spell library contained the following spells:

 Spells                   Type           Power      Damage    Failure   Level
 Shock                    Conj/Air       0%         1d3       100%        1
 Poisonous Vapours        Pois/Air       0%         N/A       100%        2
 Call Canine Familiar     Summ           0%         N/A       100%        3
 Conjure Flame            Conj/Fire      0%         6-21      100%        3
 Frozen Ramparts          Ice            0%         1d2       100%        3
 Ignite Poison            Fire/Tmut/Pois 0%         N/A       100%        3
 Portal Projectile        Hex/Tloc       0%         N/A       100%        3
 Swiftness                Air            0%         N/A       100%        3
 Tukima's Dance           Hex            0%         N/A       100%        3
 Airstrike                Air            0%         N/A       100%        4
 Animate Dead             Necr           0%         N/A       100%        4
 Corpse Rot               Necr/Pois/Air  0%         N/A       100%        4
 Leda's Liquefaction      Hex/Erth       0%         N/A       100%        4
 Sticky Flame             Conj/Fire      0%         2d3       100%        4
 Summon Ice Beast         Ice/Summ       0%         N/A       100%        4
 Borgnjor's Vile Clutch   Necr/Erth      0%         N/A       100%        5
 Conjure Ball Lightning   Conj/Air       0%         3x3d6     100%        6
 Death Channel            Necr           0%         N/A       100%        6
 Summon Hydra             Summ           0%         N/A       100%        7
 Discord                  Hex            0%         N/A       100%        8
 Disjunction              Tloc           0%         N/A       100%        8
 Sublimation of Blood     Necr           Unusable   N/A       N/A         2
 Wereblood                Tmut           Unusable   N/A       N/A         2
 Ice Form                 Ice/Tmut       Unusable   N/A       N/A         4
 Blade Hands              Tmut           Unusable   N/A       N/A         5

Dungeon Overview and Level Annotations

Branches:
Dungeon (11/15)            Temple (1/1) D:4            Lair (5/6) D:8
  Swamp (0/4) Lair:4        Snake (0/4) Lair:4          Orc (0/2) D:9
Ossuary (visited)
  Slime: Lair:5-6

Altars:
Ashenzari
Cheibriados
Dithmenos
Elyvilon
Fedhas
Gozag
Hepliaklqana
Kikubaaqudgha
Makhleb
Nemelex Xobeh
Ru
Sif Muna
Trog
Uskayaw
Vehumet
Wu Jian
Xom
Yredelemnul
Zin
The Shining One

Shops:
D:1 :   D:8 ?   D:9 *

Annotations:
D:7 2 transporters, zeratav's ghost, novice TrFi


Innate Abilities, Weirdness & Mutations

You are immune to poison.
You have sharp fingernails.
Your flesh is cold resistant. (rC+)
You are immune to negative energy. (rN+++)
You do not regenerate when monsters are visible.
You are immune to unholy pain and torment.
You thrive by killing the living.


Message History

The six-headed hydra bites you.
* * * LOW HITPOINT WARNING * * *
The six-headed hydra bites you.
* * * LOW HITPOINT WARNING * * *
You block the six-headed hydra's attack.
GONNNNG!
Unknown command.
Unknown command.
Unknown command.
Blink to where?
Press: ? - help, Dir - move target
As you read the scroll of blinking, it crumbles to dust.
You block the black mamba's attack.
GONNNNG!
You hit the black mamba. You drain the black mamba.
The black mamba is moderately wounded.
You block the black mamba's attack.
PANG!
You block the black mamba's attack.
PANG!
The black mamba attacks as you move away!
You block the black mamba's attack.
GONNNNG!
You block the black mamba's attack.
PANG!
You block the black mamba's attack.
SHROANNG!
The black mamba attacks as you move away!
You block the black mamba's attack.
BONNNG!
You block the black mamba's attack.
PANG!
The black mamba attacks as you move away!
You block the black mamba's attack.
GONNNNG!
You block the black mamba's attack.
BOUMMMMG!
There is a stone staircase leading down here.
The black mamba bites you!
You die...

##..............♣♣≈§.≈♣♣..
##...D............♣§§§§♣...
#.................♣§§§§♣...
##P(..............♣§§≈≈♣...
##...#.#.####....♣♣♣♣♣♣...
#.....#####.#.....♣ ♣♣....
#......>........### ♣.♣P..
##...#.......##..#####.##..
#....#...S@..##....#.#.#...
###..##...........P#..##...
##..##......#..<......##..
#...#.#..P.###...##...##..
##..#.#.##..##...#######..
#..............## ##...
#...............#####....
#........................
#........................


You could see a black mamba (drained).

Vanquished Creatures
  A minotaur (Lair:4)
  3 boulder beetles
  The ghost of Gelos the Summoner, a journeyman GnSu of Ashenzari (Lair:1)
  4 hydras
  3 two-headed ogres
  A tengu warrior (D:8)
  9 death yaks
  Urug (D:10)
  Pikel (D:6)
  A manticore (D:11)
  3 elephants (Lair:4)
  2 vault sentinels
  A black mamba (Lair:2)
  A torpor snail (Lair:4)
  5 cane toads
  A rime drake (Lair:3)
  5 komodo dragons
  A troll (D:11)
  A polar bear (Lair:4)
  Prince Ribbit (D:6)
  31 blink frogs
  A hornet (D:8)
  Grinder (D:6)
  A shadow (D:9)
  Sigmund (D:3)
  A wraith (D:10)
  5 wyverns
  4 basilisks
  42 yaks
  A steam dragon (D:8)
  3 swamp worms (Lair:4)
  3 nagas
  11 water moccasins
  5 ice beasts
  5 sky beasts
  2 black bears
  3 orc warriors
  A centaur (D:5)
  An ogre (D:5)
  9 wolves
  3 lemures (D:6)
  A gnoll sergeant (D:6)
  2 kobold brigands
  17 bullfrogs
  2 scorpions
  A wight (D:7)
  13 killer bees
  5 electric eels
  2 howler monkeys
  2 human zombies (Ossuary)
  7 orc priests
  2 gnoll shamans (D:9)
  4 hounds
  2 jellies (D:6)
  3 iguanas
  9 orc wizards
  3 mummies
  20 gnolls
  7 adders
  3 shadow imps
  4 white imps
  2 ufetubi (D:5)
  A worm (D:5)
  3 dart slugs
  31 orcs
  9 ball pythons
  5 endoplasms
  2 giant cockroaches
  7 goblins
  2 hobgoblins
  9 jackals
  A quokka (D:5)
  3 bats
  3 frilled lizards
  3 gnoll zombies (Ossuary)
  2 goblin zombies (Ossuary)
  5 hobgoblin zombies (Ossuary)
  15 kobolds
  4 orc zombies
  5 rats
401 creatures vanquished.

Vanquished Creatures (others)
  A bush (Lair:4)
  33 fungi
  68 plants
102 creatures vanquished.

Grand Total: 503 creatures vanquished

Notes
Turn   | Place    | Note
-------+----------+-------------------------------------------
     0 | D:1      | siradein the Ghoul Fighter began the quest for the Orb.
     0 | D:1      | Reached XP level 1. HP: 19/19 MP: 0/0
   487 | D:1      | Found a faded altar of an unknown god.
   637 | D:1      | Reached XP level 2. HP: 26/26 MP: 1/1
   660 | D:1      | Found Cabyopiff's Book Shop.
  1235 | D:2      | Reached XP level 3. HP: 31/31 MP: 2/2
  1862 | D:2      | Reached skill level 4 in Fighting
  1862 | D:2      | Reached XP level 4. HP: 40/40 MP: 3/3
  1976 | D:3      | Reached skill level 1 in Polearms
  2367 | D:3      | Reached XP level 5. HP: 46/46 MP: 4/4
  2678 | D:3      | Noticed Sigmund
  2687 | D:3      | Killed Sigmund
  2688 | D:3      | Reached XP level 6. HP: 44/53 MP: 5/5
  2845 | D:3      | Noticed a black bear
  2848 | D:3      | Killed a black bear
  3099 | D:4      | Found a staircase to the Ecumenical Temple.
  3118 | D:4      | Reached skill level 5 in Fighting
  3129 | Temple   | Entered the Ecumenical Temple
  3292 | Temple   | Became a worshipper of Uskayaw the Reveller
  3342 | D:4      | Reached * piety under Uskayaw
  3344 | D:4      | Reached XP level 7. HP: 61/61 MP: 6/6
  3445 | D:4      | Reached ** piety under Uskayaw
  3490 | D:4      | Reached skill level 1 in Invocations
  3785 | D:5      | Entered Level 5 of the Dungeon
  3797 | D:5      | Reached *** piety under Uskayaw
  3934 | D:5      | Identified the +3 dagger "Xecvas" {vamp, Str+5}
  4240 | D:5      | Reached XP level 8. HP: 70/70 MP: 8/8
  4858 | D:6      | Reached skill level 6 in Fighting
  5002 | D:6      | Reached skill level 5 in Armour
  5002 | D:6      | Reached skill level 5 in Shields
  5083 | D:6      | Noticed Grinder
  5092 | D:6      | Reached **** piety under Uskayaw
  5098 | D:6      | Reached ***** piety under Uskayaw
  5100 | D:6      | Paralysed by Grinder for 5 turns
  5106 | D:6      | Killed Grinder
  5443 | D:6      | Reached XP level 9. HP: 76/78 MP: 10/10
  5474 | D:6      | Noticed Pikel
  5489 | D:6      | Killed Pikel
  5490 | D:6      | Reached skill level 7 in Fighting
  5650 | D:6      | Noticed Prince Ribbit
  5662 | D:6      | Killed Prince Ribbit
  5973 | D:7      | Found a transporter.
  5996 | D:7      | Found a bloodstained altar of Trog.
  6002 | D:7      | Noticed a moth of wrath
  6002 | D:7      | Noticed a two-headed ogre
  6004 | D:7      | Noticed zeratav's ghost (novice TrFi)
  6013 | D:7      | Found a transporter.
  6086 | D:7      | Noticed a seven-headed hydra
  6087 | D:7      | Noticed a boulder beetle
  6109 | D:7      | Killed a seven-headed hydra
  6110 | D:7      | Reached skill level 5 in Polearms
  6110 | D:7      | Reached skill level 5 in Invocations
  6172 | D:7      | Found a sand-covered staircase.
  6179 | Ossuary  | Entered an ossuary
  6320 | Ossuary  | Reached XP level 10. HP: 81/88 MP: 13/13
  6488 | D:7      | Reached skill level 8 in Fighting
  6661 | D:7      | Found the ring of Shadows {Umbra +Inv Stlth+}
  6670 | D:7      | Identified the +6 spear of Yredelemnul, Grinning {venom,
                  | rElec rCorr}
  6986 | D:7      | Killed a boulder beetle
  7870 | D:8      | Found a staircase to the Lair.
  7897 | D:8      | Found Yclic Jom's Magic Scroll Shop.
  7906 | D:8      | Bought a scroll of identify for 24 gold pieces
  7906 | D:8      | Bought a scroll of identify for 24 gold pieces
  8098 | D:8      | Noticed a tengu warrior
  8111 | D:8      | Killed a tengu warrior
  8792 | D:8      | Reached XP level 11. HP: 94/95 MP: 15/15
  8800 | D:8      | Reached skill level 1 in Stealth
  8802 | D:8      | Reached skill level 9 in Fighting
  8802 | D:8      | Reached skill level 1 in Evocations
  9893 | D:9      | Found Daskat's General Store.
 10284 | D:9      | Found a staircase to the Orcish Mines.
 10480 | D:9      | Found a shadowy altar of Dithmenos.
 10648 | D:9      | Noticed a two-headed ogre
 10657 | D:9      | Killed a two-headed ogre
 11003 | D:10     | Entered Level 10 of the Dungeon
 11068 | D:10     | Noticed Urug
 11085 | D:10     | HP: 4/97 [Urug/silver javelin (2)]
 11090 | D:10     | Killed Urug
 11837 | D:10     | Found a faded altar of an unknown god.
 12090 | D:10     | Noticed a two-headed ogre
 12116 | D:10     | Killed a two-headed ogre
 12638 | D:11     | Noticed a two-headed ogre
 13159 | D:11     | Killed a two-headed ogre
 13349 | D:11     | Noticed a boulder beetle
 13358 | D:11     | Killed a boulder beetle
 13359 | D:11     | Reached XP level 12. HP: 91/106 MP: 17/17
 13428 | D:11     | Found the +18 shield of the Gong {rElec rN+ Will+ EV-5}
 13839 | D:11     | Reached skill level 10 in Fighting
 14030 | Lair:1   | Entered Level 1 of the Lair of Beasts
 14420 | D:8      | Reached skill level 5 in Stealth
 15481 | Lair:1   | Found a runed translucent door.
 15481 | Lair:1   | Noticed Gelos's ghost (journeyman GnSu)
 15504 | Lair:1   | Killed Gelos's ghost
 15818 | Lair:2   | You fall into a shaft and drop 2 floors!
 15820 | Lair:4   | Found a runed translucent door.
 15961 | Lair:4   | Noticed a minotaur
 15996 | Lair:4   | Killed a minotaur
 17516 | Lair:3   | Noticed a death yak
 17624 | Lair:3   | Noticed a death yak
 17624 | Lair:3   | Noticed a death yak
 17693 | Lair:3   | Noticed a death yak
 17698 | Lair:2   | Reached ****** piety under Uskayaw
 17784 | Lair:2   | Reached XP level 13. HP: 97/114 MP: 18/18
 18027 | Lair:2   | Reached skill level 5 in Evocations
 18691 | Lair:2   | Reached skill level 11 in Fighting
 19964 | Lair:4   | Reached skill level 10 in Invocations
 20434 | Lair:4   | Found a staircase to the Snake Pit.
 20488 | Lair:4   | Found a staircase to the Swamp.
 21164 | Lair:4   | Reached XP level 14. HP: 122/124 MP: 20/20
 21691 | Lair:4   | HP: 3/125 [six-headed hydra (6)]
 21723 | Lair:4   | Slain by a black mamba

Illustrated notes

Levels and vault maps discovered:
D:1:      eino_arrival_cavern_b, layout_basic,
          ebering_ecumenical_altar_sacrificial, serial_shops, shop,
          dreamdust_mushroom_princess
D:2:      layout_basic, dk_noncrumbling_3, hex_intersection,
          minmay_splitting_lines, minmay_misc_feat_tower
D:3:      layout_loops_ring, uniq_sigmund
D:4:      layout_basic, minmay_temple_entry_water_ring
D:5:      layout_gridville, grunt_decor_mini_mirrors, kennysheep_generic_room_10
D:6:      layout_basic, kennysheep_small_square, uniq_grinder,
          uniq_prince_ribbit1, uniq_pikel
D:7:      layout_layer_cave, enter_bailey_7, nicolae_ossuary_entry_giza,
          gammafunk_ghost_wrathful_warriors, minmay_the_grid_2x2
          [minmay_the_grid_minigrid_small_alt, minmay_the_grid_zigzag_pyramid,
          minmay_the_grid_pillar_ring, minmay_the_grid_prize_diamond_cup]
D:8:      wad_lake_hut, layout_loops_ring, serial_shops, shop
D:9:      layout_stronghold, nicolae_dithmenos_the_darkroom, orc_david_3,
          serial_shops, shop, chequers_serial_rivers_micro_d
D:10:     layout_cave_pools, serial_column_ruins, column_ruins_temple_hut,
          column_ruins_hut_pillars, column_ruins_open_medium,
          column_ruins_open_small, column_ruins_columns_straight,
          column_ruins_open_small, column_ruins_open_small,
          grunt_decor_junction, kennysheep_nondescript, uniq_urug
D:11:     layout_irregular_city, eino_curves_03, hellmonk_guarded_unrand_gong
Temple:   mainiacjoe_temple_archimedes_tessellation
Lair:1:   layout_regular_city, gammafunk_ghost_grave, grunt_megastairs_5
Lair:2:   layout_cave_pods, chequers_serial_rivers_micro_e,
          chequers_serial_rivers_micro_b
Lair:3:   layout_chaotic_city, grunt_forest_stairs_basic, guppyfry_lair_drakes,
          grunt_megastairs_2
Lair:4:   dreamdust_labyrinth, layout_regular_city,
          nicolae_swamp_entry_splash_gauntlet, guppyfry_snake_entry_garden
Lair:5:   layout_loops_ring, minmay_slime_entry_oklob_open,
          gammafunk_ghost_cemetery

Skill      XL: |  1  2  3  4  5  6  7  8  9 10 11 12 13 |
---------------+----------------------------------------+-----
Maces & Flails | 2 |  2.2
Shields        | 3 4 5 6 7 8 9 |  9.8
Armour         | 3 4 5 6 7 8 9 |  9.8
Fighting       | 4 5 6 7 8 9 10 11 | 11.6
Polearms       | 1 2 3 4 5 6 7 8 9 |  9.2
Invocations    | 2 3 5 7 8 9 10 | 10.4
Stealth        | 4 6 8 |  8.3
Evocations     | 3 4 6 |  6.3

Action                   |  1- 3 |  4- 6 |  7- 9 | 10-12 | 13-15 || total
-------------------------+-------+-------+-------+-------+-------++-------
Melee: Flail             |    92 |       |       |       |       ||    92
       Demon trident     |    19 |    67 |   237 |   597 |   376 ||  1296
       Spear             |       |       |       |    30 |       ||    30
Throw: Boomerang         |       |       |       |     3 |       ||     3
Invok: Line Pass         |       |       |     2 |     1 |     2 ||     5
  Use: Scroll            |       |     4 |       |     9 |     3 ||    16
       Potion            |       |       |       |     3 |     1 ||     4
 Stab: Paralysed         |       |       |     8 |    36 |    27 ||    71
       Confused          |       |       |       |     1 |       ||     1
Armor: Scale mail        |    54 |    17 |    27 |       |       ||    98
       Chain mail        |       |       |   101 |   292 |       ||   393
       Plate armour      |       |       |       |    10 |   129 ||   139
Dodge: Dodged            |    58 |    20 |    30 |    93 |     7 ||   208
Block: Buckler           |    25 |     5 |       |       |       ||    30
       Tower shield      |       |    13 |   165 |   320 |       ||   498
       Kite shield       |       |       |       |   280 |   548 ||   828

Table legend: (Time is in decaauts)
 A = Elapsed time spent in this place.
 B = Non-inter-level travel time spent in this place.
 C = Inter-level travel time spent in this place.
 D = Time resting spent in this place.
 E = Time spent auto-exploring this place.
 F = Levels seen in this place.
 G = Mean time per level.
                   A        B        C        D        E       F      G
               +--------+--------+--------+--------+--------+-----+--------+
         Total |  22131 |  20898 |   1233 |   3974 |  12872 |  18 | 1229.5 |
       Dungeon |  15122 |  14233 |    889 |   1740 |   9962 |  11 | 1374.7 |
        Temple |    191 |    191 |      0 |      0 |    135 |   1 |  191.0 |
          Lair |   6540 |   6197 |    343 |   2233 |   2591 |   5 | 1308.0 |
       Ossuary |    276 |    276 |      0 |      0 |    183 |   1 |  276.0 |
               +--------+--------+--------+--------+--------+-----+--------+

Top non-repeatable levels by time:
     D:8: 2748 daAuts
  Lair:4: 2393 daAuts
  Lair:2: 1899 daAuts
    D:10: 1845 daAuts
     D:7: 1786 daAuts
     D:9: 1437 daAuts
  Lair:3: 1357 daAuts
    D:11: 1310 daAuts
     D:6: 1199 daAuts
     D:2: 1125 daAuts
     D:5: 1121 daAuts
     D:1: 1113 daAuts
     D:3: 868 daAuts
  Lair:1: 797 daAuts
     D:4: 566 daAuts
